 Dungeon Crawl Stone Soup version 0.27.1-33-g824d729ab1 (webtiles) character file.

Game seed: 12030735892875818097

170365 Nixze the Eclecticist (level 17, -20/133 HPs)
             Began as a Demonspawn Ice Elementalist on Dec 13, 2021.
             Was the Champion of Dithmenos.
             Killed from afar by Nikola (95 damage)
             ... with an arc of chain lightning
             ... on level 3 of the Spider Nest.
             The game lasted 01:59:08 (43681 turns).

Nixze the Eclecticist (DsIE)                       Turns: 43681, Time: 01:59:08

Health: -20/133    AC: 33    Str: 11    XL:     17   Next: 12%
Magic:  38/55      EV: 16    Int: 29    God:    Dithmenos [******]
Gold:   1621       SH:  5    Dex: 17    Spells: 18/46 levels left

rFire    + . .     SeeInvis .   Z - staff of cold
rCold    + . .     Faith    .   M - +0 buckler
rNeg     . . .     Spirit   .   S - +0 acid dragon scales
rPois    +         Reflect  .   Y - +3 hat of Pondering {ponderous, Will+ MP+10 Int+5}
rElec    .         Harm     .   l - +0 cloak {Will+}
rCorr    +         Rampage  .   (gloves unavailable)
Will     ++++.                  U - +0 pair of boots
Stlth    +++++.....             R - amulet of regeneration
HPRegen  1.32/turn              b - ring of magical power
MPRegen  0.34/turn              J - ring of Amorality {Fly rPois rF+ Int+3 Dex+3}

@: ice-armoured, sanguine armoured, flying, wreathed by umbra, slow
A: claws 3, ignite blood 2, sanguine armour 3, demonic magic 2, demonic
willpower
}: 1/15 runes: decaying
a: Renounce Religion, Shadow Step, Shadow Form


You were on level 3 of the Spider Nest.
You worshipped Dithmenos.
Dithmenos was exalted by your worship.
You visited 6 branches of the dungeon, and saw 31 of its levels.
You also visited: Ossuary.

You collected 2664 gold pieces.
You spent 1043 gold pieces at shops.

Inventory:

Armour
 l - a +0 cloak of willpower (worn)
 o - a scarf of resistance
 v - the +10 scale mail of Exclusion {-Tele rC+ MP+9}
   (You found it on level 4 of the Dungeon)

   rC:        It protects you from cold.
   MP:        It affects your magic capacity (+9).
   -Tele:     It prevents most forms of teleportation.
 M - a +0 buckler (worn)
 S - +0 acid dragon scales (worn)
 U - a +0 pair of boots (worn)
 Y - the +3 hat of Pondering (worn) {ponderous, Will+ MP+10 Int+5}
   (You took it off Gastronok on level 2 of the Lair of Beasts)

   Int:       It affects your intelligence (+5).
   MP:        It affects your magic capacity (+10).
   Will:      It increases your willpower.
Magical Staves
 Z - a staff of cold (weapon)
Jewellery
 b - a ring of magical power (left claw)
 f - a ring of wizardry
 j - a ring of willpower
 k - a +4 ring of protection
 s - a ring of see invisible
 J - the ring of Amorality (right claw) {Fly rPois rF+ Int+3 Dex+3}
   (You bought it in a shop on level 1 of the Orcish Mines)

   [ring of flight]

   Int:       It affects your intelligence (+3).
   Dex:       It affects your dexterity (+3).
   rF:        It protects you from fire.
   rPois:     It protects you from poison.
   Fly:       It grants you flight.
 O - a +6 ring of dexterity
 R - an amulet of regeneration (around neck)
Wands
 q - a wand of paralysis (4)
 r - a wand of iceblast (28)
 L - a wand of flame (50)
 N - a wand of charming (35)
 T - a wand of acid (5)
 V - a wand of digging (4)
Scrolls
 a - 14 scrolls of teleportation
 c - 3 scrolls of vulnerability
 d - 2 scrolls of noise
 h - 4 scrolls of magic mapping
 i - 2 scrolls of immolation
 n - 2 scrolls of fear
 t - 5 scrolls of identify
 x - 3 scrolls of enchant weapon
 y - 2 scrolls of torment
 B - 5 scrolls of fog
 D - 6 scrolls of amnesia
 P - 5 scrolls of blinking
 W - 6 scrolls of enchant armour
 X - a scroll of summoning
Potions
 e - 11 potions of curing
 m - 3 potions of attraction
 p - 3 potions of might
 u - 9 potions of brilliance
 w - 3 potions of mutation
 z - 7 potions of lignification
 A - 2 potions of cancellation
 E - 8 potions of magic
 F - 3 potions of haste
 G - 4 potions of invisibility
 H - 4 potions of ambrosia
 I - 3 potions of resistance
 Q - 2 potions of berserk rage


   Skills:
 - Level 12.0 Fighting
 - Level 3.0 Staves
 - Level 10.0 Dodging
 - Level 5.0 Stealth
 - Level 4.0 Shields
 - Level 15.0 Spellcasting
 - Level 10.0 Conjurations
 + Level 0.2 Necromancy
 + Level 12.8 Ice Magic
 + Level 0.1 Air Magic
 - Level 10.0 Invocations
 - Level 10.0 Evocations


You had 18 spell levels left.
You knew the following spells:

 Your Spells              Type           Power      Damage    Failure   Level
a - Freeze                Ice            100%       1d11      1%          1
b - Frozen Ramparts       Ice            100%       1d12      1%          3
c - Ozocubu's Armour      Ice            98%        N/A       1%          3
d - Freezing Cloud        Conj/Ice/Air   39%        6-21      4%          5
e - Hailstorm             Conj/Ice       93%        3d18      1%          4
f - Magic Dart            Conj           100%       1d8       1%          1
g - Simulacrum            Ice/Necr       37%        N/A       36%         6
h - Iskenderun's Battles  Conj           68%        2d12      1%          5

Your spell library contained the following spells:

 Spells                   Type           Power      Damage    Failure   Level
 Foxfire                  Conj/Fire      100%       2x1d9     1%          1
 Ensorcelled Hibernation  Hex/Ice        100%       N/A       1%          2
 Static Discharge         Conj/Air       50%        N/A       1%          2
 Conjure Flame            Conj/Fire      50%        6-21      1%          3
 Stone Arrow              Conj/Erth      100%       3d13      1%          3
 Mephitic Cloud           Conj/Pois/Air  41%        N/A       2%          3
 Apportation              Tloc           42%        N/A       3%          1
 Corona                   Hex            23%        N/A       3%          1
 Sting                    Tmut/Pois      84%        1d7       3%          1
 Poisonous Vapours        Pois/Air       44%        N/A       4%          2
 Sticky Flame             Conj/Fire      50%        2d7       4%          4
 Call Imp                 Summ           21%        N/A       5%          2
 Passwall                 Tmut/Erth      17%        N/A       5%          2
 Swiftness                Air            22%        N/A       10%         3
 Vampiric Draining        Necr           11%        2d7       10%         3
 Portal Projectile        Hex/Tloc       42%        N/A       11%         3
 Spider Form              Tmut/Pois      10%        N/A       11%         3
 Tukima's Dance           Hex            21%        N/A       11%         3
 Fireball                 Conj/Fire      25%        3d11      12%         5
 Bolt of Magma            Conj/Fire/Erth 20%        4d10      26%         5
 Animate Dead             Necr           11%        N/A       30%         4
 Dispel Undead            Necr           23%        3d12      30%         4
 Leda's Liquefaction      Hex/Erth       10%        N/A       34%         4
 Olgreb's Toxic Radiance  Pois           21%        N/A       34%         4
 Excruciating Wounds      Necr           11%        N/A       65%         5
 Alistair's Intoxication  Tmut/Pois      14%        N/A       67%         5
 Blade Hands              Tmut           10%        N/A       67%         5
 Borgnjor's Vile Clutch   Necr/Erth      11%        N/A       67%         5
 Death Channel            Necr           11%        N/A       99%         6
 Invisibility             Hex            10%        N/A       99%         6
 Shadow Creatures         Summ           N/A        N/A       99%         6
 Statue Form              Tmut/Erth      14%        N/A       99%         6
 Haunt                    Necr/Summ      11%        N/A       100%        7


Dungeon Overview and Level Annotations

Branches:
Dungeon (15/15)            Temple (1/1) D:6            Lair (6/6) D:11
  Swamp (4/4) Lair:3       Spider (3/4) Lair:4        Slime (0/5) Lair:5
    Orc (2/2) D:11            Elf (0/3) Orc:2        Vaults (0/5) D:13
 Depths (0/5) D:15        Ossuary (visited)

Altars:
Ashenzari
Cheibriados
Dithmenos
Elyvilon
Fedhas
Gozag
Hepliaklqana
Kikubaaqudgha
Makhleb
Nemelex Xobeh
Okawaru
Qazlal
Ru
Sif Muna
Trog
Uskayaw
Vehumet
Wu Jian
Xom
Yredelemnul
Zin
The Shining One

Shops:
D:2 (   D:6 [   D:11 [   Orc:1 =   Orc:2 =*[(

Portals:
Trove: D:13 (give +5 demon trident)

Annotations:
D:6 exclusion: wight
Lair:6 2 transporters, kalagan's ghost, journeyman DECj
Swamp:3 3 runed translucent doors, DearestLeader's ghost, adept GnWn
Spider:3 Arachne; Nikola


Innate Abilities, Weirdness & Mutations

You have claws for hands.
Your demonic aura often causes spilled blood to erupt in flames.
When seriously injured, your bleeding wounds create very thick armour. (AC +12)
Spells you cast may paralyse nearby enemies.
You punish those that try to bend your will. (Will+)


Message History

Confirm with . or Enter, or press ? or * to list all spells.
Aiming: Magic Dart (safe; 1% risk of failure)
Press: ? - help, Shift-Dir - straight line, f/p - Nikola
Aim: Nikola, wielding a +4 rapier of electrocution, wearing a +2 cloak of preservation and wearing a +0 pair of gloves (moderately wounded, ally target, umbra, 100% to hit)
The magic dart hits Nikola.
Nikola is moderately wounded.
Malevolent energies surge around you.
Your battlesphere fires!
The barrage of energy hits Nikola!
Nikola is heavily wounded.
Your battlesphere expends the last of its energy and dissipates.
Nikola closely misses you.
Casting: Magic Dart (safe; 1% risk of failure)
Confirm with . or Enter, or press ? or * to list all spells.
Aiming: Freeze (safe; 1% risk of failure)
Press: ? - help, Shift-Dir - straight line, f/p - Nikola
Aim: Nikola, wielding a +4 rapier of electrocution, wearing a +2 cloak of preservation and wearing a +0 pair of gloves (heavily wounded, umbra)
You feel a surge of power!
You freeze Nikola.
Nikola is heavily wounded.
Malevolent energies surge around you. Nikola gestures at you while chanting.
The bolt of lightning hits you!!!
Your blood congeals into armour.
Unknown command.
Casting: Freeze (safe; 1% risk of failure)
Confirm with . or Enter, or press ? or * to list all spells.
Aiming: Freezing Cloud (dangerous; 4% risk of failure)
Press: ? - help, Dir - move target, p - Nikola
Okay, then.
Unknown command.
Unknown command.
Unknown command.
Unknown command.
Unknown command.
Casting: Freezing Cloud (dangerous; 4% risk of failure)
Confirm with . or Enter, or press ? or * to list all spells.
You conjure a globe of magical energy.
Malevolent energies surge around you.
Nikola mumbles some strange words.
Lightning arcs from Nikola's hands!
The bolt of lightning hits you!!!!
Ouch! That really hurt!
You die...

.#. ..
##### ..##
##.... #...
.^....#
#..#
..^^...#..#
.......○*#
.......@.#
......@..#
........##
........#
...°..^.#
......#..
##....#.#
#..#.#.#
.....#.


You could see Nikola and a friendly battlesphere.

Vanquished Creatures
  the Lernaean hydra (Swamp:4)
  Frances (Spider:2)
  Gastronok (Lair:2)
  A thorn hunter (Swamp:4)
  Roxanne (Spider:1)
  An orc warlord (Orc:2)
  2 emperor scorpions
  Louise (Swamp:3)
  An ironbound preserver (D:13)
  Nessos (D:13)
  3 bunyips
  6 eleionomae
  2 shambling mangroves (Swamp:4)
  2 fire dragons
  Josephine (D:12)
  Harold (Orc:1)
  17 hydras
  A rakshasa (D:13)
  6 boulder beetles
  3 ghost crabs
  An ice dragon (D:15)
  7 centaur warriors
  11 alligators
  3 two-headed ogres
  4 orc high priests (Orc:2)
  Urug (D:10)
  Sonja (Orc:1)
  A fire crab (Lair:6)
  4 goliath frogs
  3 spriggan druids
  A lindwurm (Lair:6)
  A bog body (Swamp:1)
  2 wizards (D:14)
  3 deep elf pyromancers
  9 orc knights
  8 swamp dragons
  13 wolf spiders
  9 orb spiders
  3 orc sorcerers (Orc:2)
  7 cyclopes
  8 ugly things
  4 manticores
  2 will-o-the-wisps
  11 elephants (Lair:6)
  14 cane toads
  5 molten gargoyles
  13 black mambas
  2 unseen horrors
  An efreet (D:14)
  7 rime drakes
  9 komodo dragons
  2 tengu conjurers (D:14)
  5 trolls
  6 demonic crawlers
  A freezing wraith (D:15)
  3 bloated husks
  10 tyrant leeches
  16 jumping spiders
  18 hornets
  A polar bear (Lair:5)
  13 blink frogs
  3 slime creatures (D:14)
  10 dream sheep
  34 redbacks
  13 tarantellas
  13 spriggans
  5 wyverns
  A spriggan (shapeshifter) (D:15)
  A shadow (D:11)
  7 wraiths
  6 basilisks
  40 yaks
  2 humans (D:9)
  3 steam dragons
  A basilisk (shapeshifter) (D:13)
  19 vampire mosquitoes
  Menkaure (D:6)
  12 swamp worms
  7 wargs
  5 hell hounds (Lair:6)
  17 water moccasins
  Duvessa (D:4)
  2 acid dragons
  A sky beast (D:5)
  27 orc warriors
  3 swamp drakes
  An ice beast (D:8)
  4 black bears
  A necrophage (D:7)
  17 wolves
  12 centaurs
  8 ogres
  2 phantoms
  5 kobold brigands
  20 bullfrogs
  12 scorpions
  2 gnoll sergeants
  4 elf skeletons (D:4)
  Dowan (D:4)
  A water moccasin skeleton (D:7)
  11 killer bees
  11 wights
  3 howler monkeys
  An electric eel (Spider:2)
  10 lava snakes
  2 centaur zombies (Ossuary)
  4 human zombies
  A gnoll shaman (D:9)
  3 hounds
  8 jellies
  21 orc priests
  Crazy Yiuf (D:2)
  A centaur skeleton (D:6)
  4 iguanas
  5 scorpion zombies (Ossuary)
  27 orc wizards
  Ijyb (D:3)
  Natasha (thrice) (D:3)
  5 hell rats (Lair:4)
  3 mummies (Ossuary)
  2 hound skeletons
  3 howler monkey zombies
  4 adders
  18 gnolls
  A howler monkey skeleton (D:6)
  A white imp (D:7)
  An ufetubus (D:3)
  A dart slug (D:4)
  65 orcs
  6 bats
  7 endoplasms
  3 gnoll zombies (Ossuary)
  10 hobgoblins
  2 jackals (D:5)
  34 kobolds
  2 quokkas
  8 ball pythons
  10 frilled lizards
  10 goblins
  2 goblin zombies (Ossuary)
  4 hobgoblin zombies (Ossuary)
  A kobold zombie (Ossuary)
  An orc skeleton (D:4)
  2 orc zombies (Ossuary)
  8 rats
  A spectral kobold (D:1)
  A bush (D:3)
953 creatures vanquished.

Vanquished Creatures (others)
  2 hydras
  A swamp drake (Swamp:1)
  10 foxfires
  27 fungi
  32 plants
72 creatures vanquished.

Grand Total: 1025 creatures vanquished

Notes
Turn   | Place    | Note
-------+----------+-------------------------------------------
     0 | D:1      | Nixze the Demonspawn Ice Elementalist began the quest for
                  | the Orb.
     0 | D:1      | Reached XP level 1. HP: 13/13 MP: 3/3
   154 | D:1      | Found a faded altar of an unknown god.
   338 | D:1      | Gained mutation: You have sharp fingernails. [demonic
                  | ancestry]
   338 | D:1      | Reached XP level 2. HP: 19/19 MP: 1/5
   786 | D:1      | Reached skill level 1 in Fighting
  1382 | D:2      | Gained mutation: Spells you cast may paralyse adjacent
                  | enemies. [demonic ancestry]
  1382 | D:2      | Reached XP level 3. HP: 26/26 MP: 3/6
  2197 | D:2      | Found a shadowy altar of Dithmenos.
  2203 | D:2      | Found Qer Hocw's Weapon Boutique.
  2211 | D:2      | Became a worshipper of Dithmenos the Shadowed
  2367 | D:2      | Found a runed translucent door.
  2368 | D:2      | Noticed Crazy Yiuf
  2518 | D:2      | Learned a level 3 spell: Frozen Ramparts
  2522 | D:2      | Learned a level 3 spell: Ozocubu's Armour
  2530 | D:2      | Killed Crazy Yiuf
  2531 | D:2      | Reached skill level 3 in Spellcasting
  2531 | D:2      | Gained mutation: Your demonic aura sometimes causes spilled
                  | blood to erupt in flames. [demonic ancestry]
  2531 | D:2      | Reached XP level 4. HP: 33/33 MP: 1/8
  2920 | D:3      | Noticed Natasha
  2928 | D:3      | Killed Natasha
  3072 | D:3      | Gained mutation: When seriously injured, your bleeding
                  | wounds create armour. (AC +12) [demonic ancestry]
  3072 | D:3      | Reached XP level 5. HP: 38/38 MP: 7/10
  3249 | D:3      | Noticed Ijyb
  3257 | D:3      | Noticed Natasha
  3267 | D:3      | Killed Natasha
  3268 | D:3      | Reached skill level 4 in Spellcasting
  3352 | D:3      | Noticed Natasha
  3356 | D:3      | Killed Natasha
  3395 | D:3      | Killed Ijyb
  4018 | D:4      | Identified the +10 scale mail of Exclusion {-Tele rC+ MP+9}
  4166 | D:4      | Reached skill level 5 in Spellcasting
  4166 | D:4      | Reached XP level 6. HP: 20/44 MP: 1/13
  4364 | D:4      | Reached * piety under Dithmenos
  4455 | D:4      | Found a sand-covered staircase.
  4506 | D:4      | Reached skill level 5 in Ice Magic
  4510 | Ossuary  | Entered an ossuary
  4648 | Ossuary  | Learned a level 1 spell: Corona
  4955 | Ossuary  | Reached XP level 7. HP: 50/50 MP: 6/14
  5627 | Ossuary  | Reached skill level 1 in Staves
  6983 | Ossuary  | Gained mutation: You have very sharp fingernails. [demonic
                  | ancestry]
  6983 | Ossuary  | Reached XP level 8. HP: 57/60 MP: 12/15
  7369 | Ossuary  | Reached ** piety under Dithmenos
  7722 | D:4      | Reached skill level 6 in Spellcasting
  8254 | D:4      | Noticed Duvessa
  8254 | D:4      | Noticed Dowan
  8260 | D:4      | Killed Dowan
  8267 | D:4      | Killed Duvessa
  8268 | D:4      | Reached skill level 7 in Spellcasting
  8909 | D:4      | Reached skill level 1 in Invocations
  9135 | D:5      | Entered Level 5 of the Dungeon
  9320 | D:5      | Gained mutation: When seriously injured, your bleeding
                  | wounds create thick armour. (AC +12) [demonic ancestry]
  9320 | D:5      | Reached XP level 9. HP: 65/65 MP: 10/19
 10208 | D:6      | Found a staircase to the Ecumenical Temple.
 10541 | D:6      | Found Juwach's Antique Armour Shop.
 10561 | D:6      | Noticed Menkaure
 10568 | D:6      | Killed Menkaure
 11778 | D:7      | Learned a level 4 spell: Hailstorm
 11780 | D:7      | Learned a level 1 spell: Magic Dart
 11826 | D:5      | Reached *** piety under Dithmenos
 11896 | D:5      | Reached skill level 1 in Conjurations
 11896 | D:5      | Reached skill level 5 in Invocations
 11899 | D:5      | Reached skill level 8 in Spellcasting
 12080 | Temple   | Entered the Ecumenical Temple
 14242 | D:8      | Reached XP level 10. HP: 62/66 MP: 18/22
 14545 | D:8      | Reached skill level 5 in Fighting
 15028 | D:9      | Reached **** piety under Dithmenos
 15218 | D:9      | Reached skill level 9 in Spellcasting
 15444 | D:9      | Found an iron altar of Okawaru.
 15845 | D:10     | Entered Level 10 of the Dungeon
 16040 | D:10     | Noticed Urug
 16049 | D:10     | Killed Urug
 16050 | D:10     | Reached skill level 10 in Spellcasting
 16360 | D:10     | Noticed a manticore
 16363 | D:10     | Killed a manticore
 17129 | D:11     | Reached XP level 11. HP: 80/81 MP: 25/25
 17291 | D:11     | Noticed a boulder beetle
 17297 | D:11     | Killed a boulder beetle
 17298 | D:11     | Reached skill level 10 in Ice Magic
 17533 | D:11     | Noticed an orc knight
 17548 | D:11     | Killed an orc knight
 17672 | D:11     | Found a staircase to the Orcish Mines.
 17673 | D:11     | Found Bihifow's Armour Emporium.
 17703 | D:11     | Reached ***** piety under Dithmenos
 17957 | D:11     | Found a staircase to the Lair.
 18213 | D:11     | Identified the +1 leather armour "Sudd" {Stlth+}
 18469 | Lair:1   | Entered Level 1 of the Lair of Beasts
 18540 | Lair:1   | Noticed a four-headed hydra
 18547 | Lair:1   | Killed a four-headed hydra
 18776 | Lair:1   | Reached skill level 1 in Evocations
 19510 | Lair:2   | Gained mutation: Spells you cast may paralyse nearby
                  | enemies. [demonic ancestry]
 19510 | Lair:2   | Reached XP level 12. HP: 67/89 MP: 26/26
 20140 | Lair:2   | Noticed Gastronok
 20186 | Lair:2   | Killed Gastronok
 20319 | Lair:2   | Noticed a four-headed hydra
 20330 | Lair:2   | Killed a four-headed hydra
 20770 | Lair:3   | Noticed an eight-headed hydra
 20777 | Lair:3   | Reached skill level 5 in Stealth
 20784 | Lair:3   | Killed an eight-headed hydra
 20789 | Lair:3   | Reached skill level 5 in Evocations
 21327 | Lair:3   | Found a staircase to the Swamp.
 21990 | Lair:4   | Found a hole to the Spider Nest.
 22009 | Lair:4   | Reached skill level 10 in Fighting
 22391 | Lair:4   | Gained mutation: When seriously injured, your bleeding
                  | wounds create very thick armour. (AC +12) [demonic
                  | ancestry]
 22391 | Lair:4   | Reached XP level 13. HP: 103/103 MP: 25/27
 22538 | Lair:4   | Reached ****** piety under Dithmenos
 23218 | Lair:5   | Found a hide-covered altar of Uskayaw.
 23224 | Lair:5   | You fall into a shaft and drop 1 floor!
 23224 | Lair:6   | Entered Level 6 of the Lair of Beasts
 23389 | Lair:5   | Reached skill level 11 in Spellcasting
 24207 | Lair:5   | Reached skill level 5 in Dodging
 24258 | Lair:5   | Found a staircase to the Slime Pits.
 24614 | Lair:6   | Found a transporter.
 24617 | Lair:6   | Noticed kalagan's ghost (journeyman DECj)
 24630 | Lair:6   | Found a transporter.
 25905 | Lair:6   | Noticed a fire dragon
 25907 | Lair:6   | Found a large runed translucent door.
 25924 | Lair:6   | Found a large runed translucent door.
 25942 | Lair:6   | Gained mutation: You have claws for hands. [demonic
                  | ancestry]
 25942 | Lair:6   | Reached XP level 14. HP: 110/110 MP: 29/29
 26014 | Lair:6   | Reached skill level 10 in Invocations
 26358 | Lair:6   | Reached skill level 12 in Spellcasting
 26670 | Orc:1    | Entered Level 1 of the Orcish Mines
 26746 | Orc:1    | Noticed Harold
 26774 | Orc:1    | Killed Harold
 26902 | Orc:1    | Found Boumaaca's Jewellery Shoppe.
 26924 | Orc:1    | Noticed Sonja
 26934 | Orc:1    | Killed Sonja
 27138 | Orc:2    | Entered Level 2 of the Orcish Mines
 27193 | Orc:2    | Found a staircase to the Elven Halls.
 28044 | Orc:2    | Noticed an orc warlord
 28065 | Orc:2    | Killed an orc warlord
 28320 | Orc:2    | Reached skill level 5 in Conjurations
 28591 | Orc:2    | Found Avut's General Store.
 28592 | Orc:2    | Found Nera's Jewellery Shoppe.
 28594 | Orc:2    | Found Pusk's Antique Armour Shoppe.
 28594 | Orc:2    | Found Lavu's Antique Weapon Emporium.
 29207 | Orc:2    | Bought a crystal whip for 292 gold pieces
 29207 | Orc:2    | Identified the +5 whip "Tattletale" {antimagic, rElec rN++
                  | Str+4} (You bought it in a shop on level 2 of the Orcish
                  | Mines)
 29307 | Orc:1    | Bought the ring of Amorality {Fly rPois rF+ Int+3 Dex+3}
                  | for 579 gold pieces
 29951 | D:12     | Noticed Josephine
 29964 | D:12     | Killed Josephine
 30353 | D:13     | Reached skill level 13 in Spellcasting
 30405 | D:13     | Reached skill level 10 in Evocations
 30570 | D:13     | Noticed Nessos
 30581 | D:13     | Killed Nessos
 30786 | D:13     | Found a gate to the Vaults.
 30924 | D:13     | Noticed an ironbound preserver
 30948 | D:13     | Killed an ironbound preserver
 31035 | D:13     | You are sucked into a shaft and drop 1 floor!
 31288 | D:13     | Found a portal to a secret trove of treasure.
 31793 | D:14     | Gained mutation: You punish those that try to bend your
                  | will. (Will+) [demonic ancestry]
 31793 | D:14     | Reached XP level 15. HP: 68/115 MP: 32/32
 32820 | D:15     | Entered Level 15 of the Dungeon
 33781 | D:15     | Found a broken altar of Ashenzari.
 33973 | D:15     | Found a staircase to the Depths.
 34200 | Swamp:1  | Entered Level 1 of the Swamp
 34300 | D:11     | Bought a +0 cloak of willpower for 172 gold pieces
 35206 | Swamp:1  | Reached skill level 1 in Shields
 37143 | Swamp:3  | Identified the +2 hand crossbow "Kovat" {speed, rF+ rN+}
 37231 | Swamp:3  | Gained mutation: Your demonic aura often causes spilled
                  | blood to erupt in flames. [demonic ancestry]
 37231 | Swamp:3  | Reached XP level 16. HP: 126/126 MP: 33/33
 37342 | Swamp:3  | Reached skill level 14 in Spellcasting
 37518 | Swamp:3  | Found a runed translucent gate.
 37518 | Swamp:3  | Found a runed translucent gate.
 37518 | Swamp:3  | Found a runed translucent gate.
 37521 | Swamp:3  | Noticed DearestLeader's ghost (adept GnWn)
 37610 | Swamp:3  | Noticed Louise
 37624 | Swamp:3  | Killed Louise
 38038 | Swamp:4  | Entered Level 4 of the Swamp
 38202 | Swamp:4  | Noticed the 27-headed Lernaean hydra
 39104 | Swamp:4  | Noticed a thorn hunter
 39119 | Swamp:4  | Killed a thorn hunter
 39343 | Swamp:4  | Killed the 27-headed Lernaean hydra
 39344 | Swamp:4  | Reached skill level 10 in Conjurations
 39756 | Swamp:4  | Got a decaying rune of Zot
 39802 | Swamp:4  | Reached skill level 10 in Dodging
 39944 | Spider:1 | Entered Level 1 of the Spider Nest
 40914 | Spider:1 | Noticed Roxanne
 40942 | Spider:1 | Killed Roxanne
 41781 | Spider:2 | Noticed Frances
 41793 | Spider:2 | Killed Frances
 42048 | Spider:2 | Reached skill level 15 in Spellcasting
 42792 | Spider:2 | Reached XP level 17. HP: 133/133 MP: 36/36
 43517 | Spider:3 | Noticed Nikola
 43528 | Spider:3 | Identified 2 scrolls of acquirement
 43532 | Spider:3 | Acquired the Grimoire of Hurtful Fire
 43534 | Spider:3 | Acquired Sif Muna's Compendium of Heat and Necromancy
 43542 | Spider:3 | Learned a level 5 spell: Freezing Cloud
 43549 | Spider:3 | Learned a level 6 spell: Simulacrum
 43555 | Spider:3 | Learned a level 5 spell: Iskenderun's Battlesphere
 43664 | Spider:3 | Noticed Arachne
 43681 | Spider:3 | Killed from afar by Nikola

Illustrated notes

Levels and vault maps discovered:
D:1:      minmay_arrival_shattered_statue, layout_basic,
          dreamdust_ecumenical_altar_drowned_temple, serial_park_tiny_pond
D:2:      layout_basic, serial_shops, shop_fountains, basic_altar,
          uniq_crazy_yiuf_cottage
D:3:      layout_rooms, serial_forest, infiniplex_forest_lined_2,
          infiniplex_forest_corner_1, infiniplex_forest_lined_3,
          infiniplex_forest_lined_corner, infiniplex_forest_corner_2,
          infiniplex_forest_side_room, infiniplex_forest_straight_3, uniq_ijyb,
          uniq_natasha
D:4:      layout_cave_pods, nicolae_ossuary_entry_catacombs, minmay_lizard_king,
          uniq_duvessa
D:5:      layout_basic
D:6:      layout_basic, minmay_temple_entry_stoned_glass, serial_shops,
          nicolae_shop_stone, glass_columns_b, uniq_menkaure
D:7:      layout_cave_pools
D:8:      layout_loops_corners
D:9:      layout_irregular_city, okawaru_humans
D:10:     layout_small_grid, uniq_urug
D:11:     layout_roguey, erik_lair_orcish_takeover, orc_david_3
D:12:     layout_roguey, uniq_josephine
D:13:     layout_cave_pods, skrybe_vaults_entry_preservation,
          nicolae_trove_entry_free_sample, uniq_nessos
D:14:     layout_gridville, nicolae_tso_swordbearing_angel
D:15:     grunt_enter_depths_hoard, layout_loops_ring,
          cheibrodos_ashenzari_chains
Temple:   dpeg_three_leaves_temple
Lair:1:   layout_gridlike
Lair:2:   layout_small_grid, beast_lair_carwin_9, infiniplex_staircase_pool,
          uniq_gastronok
Lair:3:   layout_hall_layers, swamp_mist
Lair:4:   cheibrodos_magma_flow, layout_gridlike,
          nicolae_spider_entry_tight_spaces, minivault_26
Lair:5:   layout_long_grid, nicolae_slime_entry_slimehenge, basic_altar,
          minivault_25, forest_entry_grove
Lair:6:   cheibrodos_lair_end_hotspot, layout_hall_layers,
          gammafunk_ghost_berserking_beasts
Swamp:1:  layout_basic_swamp, evilmike_swamp_ruin_house_5, swamp_pool1
Swamp:2:  layout_basic_swamp, infiniplex_staircase_pool_2
Swamp:3:  layout_falls_marsh, gammafunk_ghost_hydra_chop,
          nicolae_swamp_triple_paths, uniq_louise
Swamp:4:  swamp_alternative, layout_basic_swamp, swamp_pool2,
          nicolae_swamp_fairy_circle
Spider:1: layout_chambers, uniq_roxanne
Spider:2: layout_spider_delve, uniq_frances
Spider:3: layout_chambers, nicolae_spider_nooks_and_crannies, uniq_arachne,
          uniq_donald, uniq_nikola
Orc:1:    layout_caves, serial_shops, nicolae_shop_waterfront, uniq_harold,
          uniq_sonja
Orc:2:    st_orc_congregation, layout_diamond_mine

Skill      XL: |  1  2  3  4  5  6  7  8  9 10 11 12 13 14 15 16 |
---------------+-------------------------------------------------+-----
Ice Magic      | 4 5 6 8 9 12 | 12.8
Stealth        | 2 3 5 |  5.0
Dodging        | 2 4 6 8 10 | 10.0
Fighting       | 1 2 4 6 10 11 12 | 12.0
Spellcasting   | 3 5 7 8 10 11 13 15 | 15.0
Staves         | 3 |  3.0
Invocations    | 2 5 7 9 10 | 10.0
Conjurations   | 3 7 8 10 | 10.0
Evocations     | 2 5 7 10 | 10.0
Shields        | 4 |  4.0
Necromancy     | |  0.2
Air Magic      | |  0.1

Action                   |  1- 3 |  4- 6 |  7- 9 | 10-12 | 13-15 | 16-18 || total
-------------------------+-------+-------+-------+-------+-------+-------++-------
Melee: Unarmed           |     1 |   109 |       |       |       |       ||   110
       Dagger            |    20 |       |     9 |     2 |       |       ||    31
       Quarterstaff      |       |    49 |       |       |       |       ||    49
       Staff             |       |    14 |   489 |       |     1 |       ||   504
Throw: Stone             |   137 |    39 |   141 |    19 |       |       ||   336
 Cast: Freeze            |    64 |    59 |   111 |   236 |   641 |   249 ||  1360
       Frozen Ramparts   |     2 |    13 |    65 |    54 |    96 |    22 ||   252
       Ozocubu's Armour  |       |     9 |    60 |    35 |    95 |    41 ||   240
       Corona            |       |     3 |    48 |       |       |       ||    51
       Magic Dart        |       |       |    74 |   309 |   863 |   287 ||  1533
       Hailstorm         |       |       |     2 |       |    52 |    83 ||   137
       Iskenderun's Batt |       |       |       |       |       |     3 ||     3
       Freezing Cloud    |       |       |       |       |       |     1 ||     1
Evoke: Wand              |       |     1 |     1 |     6 |       |    25 ||    33
  Use: Scroll            |       |     5 |       |     7 |     5 |    15 ||    32
       Potion            |       |     3 |       |       |     1 |     6 ||    10
 Stab: Paralysed         |     2 |     9 |    95 |       |       |       ||   106
       Sleeping          |       |     2 |       |       |       |       ||     2
Armor: Robe              |     4 |       |       |       |       |       ||     4
       Leather armour    |     9 |    54 |   181 |     4 |       |       ||   248
       Scale mail        |       |       |       |    64 |       |       ||    64
       Acid dragon scale |       |       |       |    21 |   258 |   271 ||   550
Dodge: Dodged            |    31 |    69 |   311 |   105 |   376 |   306 ||  1198
Block: Buckler           |       |       |       |       |    35 |    92 ||   127
